 Dungeon Crawl Stone Soup version 0.28-a0-1447-ga5a8893891 (webtiles) character file.

Game seed: 470622266031029877

333 derath95 the Skirmisher (level 6, -1/48 HPs)
             Began as a Demonspawn Fighter on Jan 11, 2022.
             Was a Plaything of Xom.
             Slain by an ogre (21 damage)
             ... on level 4 of the Dungeon.
             The game lasted 00:07:23 (2955 turns).

derath95 the Skirmisher (Demonspawn Fighter)        Turns: 2955, Time: 00:07:25

Health: -1/48      AC:  6    Str: 19    XL:     6   Next: 27%
Magic:  0/9        EV:  9    Int:  9    God:    Xom [....*.]
Gold:   117        SH:  5    Dex: 12    Spells: 9/9 levels left

rFire   + . .      SeeInvis .   a - +1 war axe
rCold   . . .      Faith    .   c - +1 buckler
rNeg    . . .      Spirit   +   b - +0 scale mail
rPois   .          Reflect  .   (no helmet)
rElec   .          Harm     .   (no cloak)
rCorr   .          Rampage  .   (no gloves)
Will    .....                   (no boots)
Stlth   ..........              (no amulet)
HPRegen 0.16/turn               j - ring of protection from fire
MPRegen 0.22/turn               (no ring)

@: no status effects
A: spiny 1, magic shield, magic regeneration
a: Renounce Religion


You were on level 4 of the Dungeon.
You worshipped Xom.
You were a beloved toy of Xom.
You visited 1 branch of the dungeon, and saw 4 of its levels.

You collected 117 gold pieces.

Inventory:

Hand Weapons
 a - a +1 war axe (weapon)
Armour
 b - a +0 scale mail (worn)
 c - a +1 buckler (worn)
Jewellery
 j - a ring of protection from fire (left hand)
 l - a ring of wizardry
Scrolls
 g - 2 scrolls of identify
 h - a scroll of teleportation
Potions
 d - a potion of might


   Skills:
 + Level 3.9 Fighting
 + Level 3.0(3.3) Axes
 + Level 2.0(2.9) Maces & Flails
 + Level 3.5 Armour
 + Level 3.5 Shields
 + Level 2.0 Spellcasting


You had 9 spell levels left.
You didn't know any spells.
Your spell library contained the following spells:

 Spells                   Type           Power      Damage    Failure   Level
 Frozen Ramparts          Ice            0%         1d2       98%         3
 Mephitic Cloud           Conj/Pois/Air  0%         N/A       98%         3
 Summon Lightning Spire   Summ/Air       0%         N/A       100%        4
 Simulacrum               Ice/Necr       0%         N/A       100%        6


Dungeon Overview and Level Annotations

Branches:
Dungeon (4/15)
 Temple: D:4-7

Altars:
Xom

Shops:
D:4 =


Innate Abilities, Weirdness & Mutations

You are partially covered in sharp spines.
When hurt, damage is shared between your health and your magic reserves.
You regenerate magic rapidly.


Message History

You flicker for a moment.
You start waiting.
You flicker back into view.
You start waiting.
Your transformation is almost over.
You start waiting.
You recover from your berserk rage.
You start waiting.
HP restored.
You feel less wooden.
Your +0 scale mail unmelds from your body.
There is a stone staircase leading down here.
You climb downwards.
Found Lufasaff's Jewellery Emporium.
Found a stone staircase leading down.
There is a stone staircase leading up here.
You feel a little less clever now.
There is an entrance to Lufasaff's Jewellery Emporium here.
An iguana comes into view.
The iguana hisses angrily.
You hear a shout!
An ogre comes into view. It is wielding a +0 giant club.
Found a scroll of identify.
You hear Xom's avuncular chuckle.
The ogre seems to slow down.
A scorpion comes into view.
The scorpion moves out of view.
The ogre hits you with a +0 giant club!!
You hit the ogre.
The ogre is moderately wounded.
You hit the ogre.
The ogre is moderately wounded.
You hit the iguana.
The iguana bites you but does no damage.
The ogre barely misses you.
You hit the ogre but do no damage.
The ogre is moderately wounded.
You hit the iguana but do no damage. The iguana is struck by your spines.
The iguana bites you!
The ogre hits you with a +0 giant club!!
You die...
Xom thinks this is hilarious!

######8###
#........##
#...<...#
#.#.....#### #
#.8.∩.8.....
#.#.......####
+.....>....##
#.#...l.......
#.#..@8.#.....
# ###O#.......
.s..#.#.##
#....#.#.#
#.#..# # #?
..# #. ... #.
###.


You could see an ogre (slow), a scorpion and an iguana.

Vanquished Creatures
  Grinder (D:3)
  An orc priest (D:3)
  Jessica (D:2)
  An adder (D:2)
  A worm (D:2)
  4 orcs
  4 ball pythons
  4 endoplasms
  2 giant cockroaches
  3 goblins
  4 hobgoblins
  12 jackals
  2 quokkas (D:3)
  6 bats
  3 frilled lizards
  3 kobolds
  7 rats
59 creatures vanquished.

Vanquished Creatures (others)
  10 plants (D:1)
10 creatures vanquished.

Grand Total: 69 creatures vanquished

Notes
Turn   | Place    | Note
-------+----------+-------------------------------------------
     0 | D:1      | derath95 the Demonspawn Fighter began the quest for the
                  | Orb.
     0 | D:1      | Reached XP level 1. HP: 18/18 MP: 1/1
   145 | D:1      | Found a faded altar of an unknown god.
   163 | D:1      | Prayed at the altar of an unknown god.
   163 | D:1      | Became a worshipper of Xom of Chaos
   178 | D:1      | XOM: potion effect (curing)
   183 | D:1      | Gained mutation: You are partially covered in sharp spines.
                  | [demonic ancestry]
   183 | D:1      | Reached XP level 2. HP: 9/24 MP: 2/2
   271 | D:1      | XOM: silly message
   376 | D:1      | XOM: potion effect (curing)
   541 | D:1      | XOM: silly message
   546 | D:1      | Got Sif Muna's Grimoire of the Floating Snowflakes
   767 | D:1      | Reached XP level 3. HP: 29/29 MP: 2/4
  1074 | D:2      | XOM: divination: detect items
  1152 | D:2      | Noticed Jessica
  1155 | D:2      | Killed Jessica
  1156 | D:2      | Reached skill level 1 in Maces & Flails
  1156 | D:2      | Reached skill level 1 in Spellcasting
  1156 | D:2      | Gained mutation: You regenerate magic rapidly. [demonic
                  | ancestry]
  1156 | D:2      | Reached XP level 4. HP: 9/35 MP: 5/5
  1654 | D:2      | XOM: 7-stop teleportation journey
  2054 | D:3      | XOM: divination: magic mapping
  2254 | D:3      | XOM: cloud trail
  2354 | D:3      | Noticed Grinder
  2360 | D:3      | Paralysed by Grinder for 4 turns
  2362 | D:3      | XOM: cleaving
  2371 | D:3      | Killed Grinder
  2372 | D:3      | Reached XP level 5. HP: 8/42 MP: 6/8
  2372 | D:3      | Gained mutation: When hurt, damage is shared between your
                  | health and your magic reserves. [demonic ancestry]
  2372 | D:3      | Reached XP level 6. HP: 10/48 MP: 6/9
  2946 | D:4      | Found Lufasaff's Jewellery Emporium.
  2950 | D:4      | XOM: enchant monster (good)
  2955 | D:4      | Slain by an ogre

Illustrated notes

Levels and vault maps discovered:
D:1:      lightli_arrival_farm, layout_rooms, basic_ecumenical_altar,
          minmay_vboxes
D:2:      layout_loops_ring, uniq_jessica
D:3:      layout_loops_ring, uniq_grinder
D:4:      layout_basic, serial_shops, shop, nicolae_lakefront_shop,
          shop_fountains, nicolae_stop_n_shop_2

Skill      XL: |  1  2  3  4 |
---------------+-------------+-----
Axes           | 2 3 |  3.0
Shields        | 3 |  3.5
Maces & Flails | 1 2 |  2.0
Armour         | 3 |  3.5
Spellcasting   | 1 2 |  2.0
Fighting       | |  3.9

Action                   |  1- 3 |  4- 6 || total
-------------------------+-------+-------++-------
Melee: War axe           |    61 |    52 ||   113
  Use: Potion            |       |     8 ||     8
       Scroll            |       |     5 ||     5
Armor: Scale mail        |    47 |    19 ||    66
Dodge: Dodged            |    38 |    20 ||    58
Block: Buckler           |    15 |     9 ||    24

Table legend: (Time is in decaauts)
 A = Elapsed time spent in this place.
 B = Non-inter-level travel time spent in this place.
 C = Inter-level travel time spent in this place.
 D = Time resting spent in this place.
 E = Time spent auto-exploring this place.
 F = Levels seen in this place.
 G = Mean time per level.
                   A        B        C        D        E       F      G
               +--------+--------+--------+--------+--------+-----+--------+
         Total |   3019 |   2968 |     51 |     32 |   2466 |   4 |  754.8 |
       Dungeon |   3019 |   2968 |     51 |     32 |   2466 |   4 |  754.8 |
               +--------+--------+--------+--------+--------+-----+--------+

Top non-repeatable levels by time:
     D:3: 1060 daAuts
     D:2: 1029 daAuts
     D:1: 920 daAuts
     D:4: 9 daAuts
